 Dungeon Crawl Stone Soup version 0.28.0-53-g5a82cb258f (webtiles) character file.

Game seed: 12593814299090505983

107445 MarshatheCat the Worldbinder (level 15, -2/48 HPs)
             Began as a Felid Summoner on June 30, 2022.
             Was an Initiate of Gozag.
             Slain by a merfolk impaler
             ... wielding a +3 trident of venom
              (11 damage)
             ... on level 1 of the Shoals.
             The game lasted 03:49:52 (51525 turns).

MarshatheCat the Worldbinder (Felid Summoner)      Turns: 51525, Time: 03:49:53

Health: -2/48      AC:  3    Str:  4      XL:     15   Next: 63%
Magic:  28/35      EV: 40    Int: 27 (28) God:    Gozag
Gold:   4929       SH:  0    Dex: 24      Spells: 4/44 levels left
                                        Lives:  0   Deaths: 3

rFire   . . .      SeeInvis +     - Unarmed
rCold   + . .      Faith    .   (shield unavailable)
rNeg    . . .      Spirit   .   (armour unavailable)
rPois   +          Reflect  .   (helmet unavailable)
rElec   .          Harm     .   (cloak unavailable)
rCorr   .          Rampage  .   (gloves unavailable)
Will    ++...                   (boots unavailable)
Stlth   ++........              l - amulet of the acrobat
HPRegen 0.16/turn               F - +6 ring of intelligence
MPRegen 0.24/turn               y - ring "Ennisesaxo" {Wiz rPois Dex+5}

@: lethally poisoned (-2 -> -12), acrobatic, very slow
A: very small, claws 1, fangs 3, see invisible, speed 1, shaggy fur 3, stealthy
paws, no weapons or thrown items, no armour, multi-lived, frail 1, mutation
resistance 1
}: 1/15 runes: gossamer
a: Renounce Religion, Potion Petition, Call Merchant, Bribe Branch


You were on level 1 of the Shoals.
You worshipped Gozag.
Gozag was most pleased with you.
You visited 6 branches of the dungeon, and saw 29 of its levels.

You collected 10229 gold pieces.
You spent 2182 gold pieces at shops.
You paid 3118 gold pieces to Gozag.

Inventory:

Jewellery
 l - an amulet of the acrobat (around neck)
 s - a ring of willpower
 v - a ring of willpower
 y - the ring "Ennisesaxo" (right paw) {Wiz rPois Dex+5}
   (You bought it in a shop on level 7 of the Dungeon)

   [ring of wizardry]

   It improves your spell success rate.
   Dex:       It affects your dexterity (+5).
   rPois:     It protects you from poison.
 C - a ring of positive energy
 F - a +6 ring of intelligence (left paw)
 J - a ring of ice
 N - a ring of positive energy
 O - an amulet of regeneration
 P - a ring of willpower
 S - a ring of resist corrosion
 T - a +4 ring of evasion
Wands
 k - a wand of polymorph (3)
 q - a wand of charming (4)
 t - a wand of flame (29)
 A - a wand of iceblast (18)
 E - a wand of paralysis (16)
 K - a wand of digging (5)
 M - a wand of acid (6)
Scrolls
 c - 5 scrolls of fog
 e - 3 scrolls of fear
 f - 3 scrolls of enchant weapon
 g - 6 scrolls of vulnerability
 h - 10 scrolls of teleportation
 i - 4 scrolls of amnesia
 j - a scroll of magic mapping
 o - 2 scrolls of brand weapon
 p - 4 scrolls of enchant armour
 w - 2 scrolls of torment
 x - 2 scrolls of summoning
 G - 4 scrolls of immolation
 H - 3 scrolls of identify
Potions
 a - 4 potions of ambrosia
 b - a potion of berserk rage
 d - a potion of brilliance
 m - 4 potions of lignification
 n - 7 potions of curing
 r - a potion of cancellation
 u - 8 potions of haste
 z - 3 potions of mutation
 B - 4 potions of might
 I - 4 potions of degeneration
 L - 3 potions of flight
Miscellaneous
 D - a phantom mirror
 R - a box of beasts


   Skills:
 + Level 8.2 Dodging
 - Level 2.6 Stealth
 + Level 4.3 Unarmed Combat
 + Level 15.1 Spellcasting
 - Level 5.0 Hexes
 + Level 24.3 Summonings
 * Level 6.6 Transmutations
 - Level 6.5 Air Magic


You had 4 spell levels left.
You knew the following spells:

 Your Spells              Type           Power      Damage    Failure   Level
a - Summon Hydra          Summ           50%        N/A       1%          7
b - Summon Horrible Thin  Summ           50%        N/A       1%          8
c - Call Canine Familiar  Summ           100%       N/A       0%          3
d - Summon Guardian Gole  Hex/Summ       79%        N/A       0%          3
e - Summon Lightning Spi  Summ/Air       81%        N/A       1%          4
f - Summon Cactus Giant   Summ           50%        N/A       0%          6
g - Dragon's Call         Summ           50%        N/A       4%          9

Your spell library contained the following spells:

 Spells                   Type           Power      Damage    Failure   Level
 Summon Small Mammal      Summ           100%       N/A       0%          1
 Call Imp                 Summ           100%       N/A       0%          2
 Animate Skeleton         Necr           40%        N/A       1%          1
 Beastly Appendage        Tmut           100%       N/A       1%          1
 Magic Dart               Conj           80%        1d7       1%          1
 Pain                     Necr           80%        1d8       1%          1
 Ensorcelled Hibernation  Hex/Ice        66%        N/A       1%          2
 Passwall                 Tmut/Erth      31%        N/A       1%          2
 Scorch                   Fire           40%        2d7       1%          2
 Searing Ray              Conj           40%        2d5       1%          2
 Sublimation of Blood     Necr           20%        N/A       1%          2
 Wereblood                Tmut           54%        N/A       1%          2
 Spider Form              Tmut/Pois      38%        N/A       1%          3
 Swiftness                Air            54%        N/A       1%          3
 Tukima's Dance           Hex            47%        N/A       1%          3
 Cause Fear               Hex            23%        N/A       1%          4
 Ozocubu's Armour         Ice            20%        N/A       3%          3
 Vampiric Draining        Necr           20%        2d7       3%          3
 Fulminant Prism          Conj/Hex       16%        3d11      3%          4
 Leda's Liquefaction      Hex/Erth       16%        N/A       3%          4
 Flame Wave               Conj/Fire      20%        2d7       11%         4
 Olgreb's Toxic Radiance  Pois           20%        N/A       11%         4
 Passage of Golubria      Tloc           20%        N/A       11%         4
 Yara's Violent Unravell  Hex/Tmut       25%        3d11      2%          5
 Metabolic Englaciation   Hex/Ice        16%        N/A       11%         5
 Fireball                 Conj/Fire      10%        3d6       26%         5
 Iskenderun's Battlesphe  Conj           20%        2d7       26%         5
 Conjure Ball Lightning   Conj/Air       19%        3x3d6     38%         6
 Dragon Form              Tmut           27%        N/A       45%         7
 Simulacrum               Ice/Necr       10%        N/A       80%         6
 Starburst                Conj/Fire      10%        6d5       80%         6
 Orb of Destruction       Conj           10%        9d6       100%        7
 Ozocubu's Refrigeration  Ice            10%        4d7       100%        7
 Ignition                 Fire           10%        3d5       100%        8
 Chain Lightning          Conj/Air       19%        3d25      100%        9
 Fire Storm               Conj/Fire      10%        8d3       100%        9
 Shatter                  Erth           10%        3d11*     100%        9
 Portal Projectile        Hex/Tloc       Unusable   N/A       N/A         3

Dungeon Overview and Level Annotations

Branches:
Dungeon (15/15)            Temple (1/1) D:5            Lair (6/6) D:10
 Shoals (1/4) Lair:4       Spider (4/4) Lair:2        Slime (0/5) Lair:5
    Orc (2/2) D:10            Elf (0/3) Orc:2        Vaults (0/5) D:13
 Depths (0/4) D:15

Altars:
Ashenzari
Gozag
Makhleb
Okawaru
Qazlal
Ru
Sif Muna
Vehumet
Xom
Yredelemnul

Shops:
D:3 (::(=   D:7 =   Orc:2 *:[(

Annotations:
D:8 1 runed translucent door, diceflayer's ghost, novice MiFi
D:12 2 transporters
Spider:3 Roxanne
Spider:4 3 runed translucent doors, Siverane's ghost, journeyman HOFi


Innate Abilities, Weirdness & Mutations

You have sharp claws.
You have razor-sharp teeth.
You have supernaturally acute eyesight. (SInv)
You cover ground quickly. (Speed+)
Your thick and shaggy fur keeps you warm. (AC +3, rC+)
Your paws help you pounce on unaware monsters.
You are incapable of wielding weapons or throwing items.
You cannot wear armour.
You gain extra lives every three experience levels.
You are frail. (-10% HP)
You are somewhat resistant to further mutation.


Message History

Moving in this stuff is going to be slow.
You now have 4918 gold pieces (gained 7).
You see here a +0 trident.
You now have 4925 gold pieces (gained 7).
Things that are here:
a +0 trident; 3 boomerangs You enter the shallow water.
Moving in this stuff is going to be slow.
You enter the shallow water.
Moving in this stuff is going to be slow.
Your lightning spire disappears in a puff of smoke!
You now have 4929 gold pieces (gained 4).
Things that are here:
a +0 vorpal scimitar; a +1 crystal plate armour; a +0 kite shield of reflection A merfolk impaler comes into view.
It is wielding a +3 trident of venom.
The merfolk impaler shouts!
You swap places.
The merfolk impaler misses you. Why would you want to do that?
Okay, then.
Casting: Summon Lightning Spire (safe; 1% risk of failure)
Confirm with . or Enter, or press ? or * to list all spells.
The spell is quite dangerous to miscast (1% risk of failure)!
Continue anyway?
The merfolk impaler closely misses you. The merfolk impaler barely misses you.
Why would you want to do that?
You swap places.
The merfolk impaler misses you.
The merfolk impaler hits you from afar with a +3 trident of venom!!
You are poisoned.
Your large abomination closely misses the merfolk impaler.
Your warg closely misses the merfolk impaler.
You feel very sick.
The merfolk impaler hits you from afar with a +3 trident of venom!
* * * LOW HITPOINT WARNING * * *
Your warg completely misses the merfolk impaler.
Your large abomination barely misses the merfolk impaler.
The merfolk impaler completely misses you.
Your large abomination completely misses the merfolk impaler. x2
The merfolk impaler hits you from afar with a +3 trident of venom!
You die...
Your body crumbles into a pile of gold.

≈≈≈≈≈≈≈≈≈≈≈≈≈≈
#.≈≈≈≈≈≈≈≈≈≈≈≈≈≈≈≈≈
#####.≈≈≈≈≈≈≈≈≈≈≈≈≈≈≈≈≈
##.....≈≈≈≈≈≈≈≈≈≈≈≈≈≈≈≈.
#.≈≈≈≈≈≈≈≈≈≈≈≈≈≈≈≈≈≈≈≈..
.≈≈≈≈≈≈≈≈≈≈≈≈≈≈≈≈≈≈≈≈≈..
≈≈≈≈≈≈≈≈≈≈≈≈≈≈≈≈≈≈≈....#
.≈≈≈≈≈≈≈≈≈≈≈≈≈≈≈≈..##..#
≈≈≈≈≈≈≈@≈X≈≈≈≈≈≈≈.####.#
≈≈≈≈≈≈≈≈XhX≈≈)≈≈.## ###
≈≈≈≈≈≈≈≈≈mX≈≈≈≈≈.## .
≈≈≈≈≈≈≈..≈≈≈≈≈≈≈≈)####.≈
≈≈≈≈≈≈..!≈≈...≈≈.).#8>.≈
≈≈≈≈≈≈...≈......#...≈≈≈≈
≈≈≈≈≈≈≈≈≈...######..≈≈≈≈
≈≈≈..≈≈≈...## ##.≈≈≈.
≈≈≈≈≈≈..## ..≈≈≈.


You could see a merfolk impaler (ally target), 4 friendly large abominations and
a friendly warg (summoned).

Vanquished Creatures
  A jumping spider (Spider:4)
  A redback (Spider:4)
  An electric eel (Spider:4)
  A dart slug (D:1)
4 creatures vanquished.

Vanquished Creatures (collateral kills)
  Nikola (Spider:2)
  Kirke (D:13)
  Donald (Shoals:1)
  6 emperor scorpions
  A stone giant (Orc:2)
  2 ghost moths (Spider:4)
  6 broodmothers
  5 entropy weavers
  6 spark wasps
  3 ettins (Orc:2)
  A jorogumo (Spider:1)
  4 hydras
  11 boulder beetles
  2 centaur warriors
  2 two-headed ogres
  2 death knights
  2 death yaks (Lair:6)
  A vampire mage (D:15)
  Sonja (D:12)
  9 pharaoh ants
  6 skeletal warriors (D:15)
  3 sun moths
  3 goliath frogs (Lair:6)
  8 steelbarb worms
  A glowing orange brain (D:15)
  An orc knight (Orc:2)
  An orb spider (shapeshifter) (D:13)
  8 orb spiders
  A wizard (D:15)
  2 spectral wolf spiders (Spider:4)
  5 harpies (Shoals:1)
  A necromancer (D:15)
  4 wolf spider zombies (Spider:4)
  2 fire giant zombies (D:15)
  4 ugly things (D:15)
  A deep elf pyromancer (D:15)
  17 wolf spiders
  2 orc sorcerers
  15 cyclopes
  2 manticores
  3 moths of wrath
  A nameless horror (Lair:6)
  An iron dragon skeleton (D:15)
  22 elephants
  5 black mambas
  A water nymph (Shoals:1)
  2 centaur zombies (D:10)
  A gargoyle (D:14)
  3 torpor snails
  20 cane toads
  4 kobold demonologists (D:12)
  An unseen horror (D:12)
  4 rime drakes
  6 demonic crawlers
  3 freezing wraiths (D:15)
  9 komodo dragons
  12 meliai
  4 trolls
  2 merfolk (Shoals:1)
  A queen bee (shapeshifter) (D:13)
  5 wolf spider simulacra (Spider:4)
  A polar bear (Lair:6)
  A tarantella (shapeshifter) (D:14)
  2 tyrant leeches (Lair:6)
  13 slime creatures
  26 tarantellas
  28 blink frogs
  A raiju (shapeshifter) (D:13)
  10 dream sheep (Lair:5)
  A spriggan zombie (D:15)
  17 jumping spiders
  2 wraiths
  A vampire (D:10)
  27 culicivoras
  66 yaks
  3 wyverns
  3 hogs (D:13)
  5 basilisks
  7 vampire mosquitoes
  47 redbacks
  6 wargs
  18 water moccasins
  An ice beast (D:5)
  A sky beast (D:7)
  20 orc warriors
  A black bear (D:7)
  A necrophage (D:5)
  3 ogres (Orc:2)
  A tengu (shapeshifter) (D:14)
  7 centaurs
  19 wolves
  6 kobold brigands (D:12)
  12 bullfrogs
  A gnoll sergeant (D:11)
  7 scorpions
  3 killer bees (D:10)
  2 howler monkeys (D:9)
  A wight (D:8)
  2 lava snakes (Lair:3)
  2 bullfrog zombies
  A bullfrog skeleton (D:5)
  7 hounds
  16 orc priests
  2 iguanas
  20 orc wizards
  A wolf simulacrum (Lair:3)
  2 howler monkey zombies
  16 gnolls
  9 adders
  A white imp (D:5)
  An adder skeleton (D:5)
  A worm (D:2)
  3 dart slugs
  60 orcs
  4 ball pythons
  6 bats
  6 endoplasms
  2 giant cockroaches
  3 goblins
  11 hobgoblins
  12 jackals
  4 quokkas
  4 frilled lizards
  18 kobolds
  7 rats
856 creatures vanquished.

Vanquished Creatures (others)
  3 hydras
  A death yak (Lair:6)
  A two-headed ogre (D:11)
  A black mamba (Lair:1)
  2 cane toads
  2 wyverns (D:10)
  A basilisk (D:10)
  A black bear (D:10)
  3 wolves
  A centaur (D:6)
  2 scorpions
  A killer bee (D:10)
  6 wights
  An orc wizard (D:6)
  A bush (Lair:5)
  44 fungi
  116 plants
187 creatures vanquished.

Grand Total: 1047 creatures vanquished

Notes
Turn   | Place    | Note
-------+----------+-------------------------------------------
     0 | D:1      | MarshatheCat the Felid Summoner began the quest for the
                  | Orb.
     0 | D:1      | Reached XP level 1. HP: 7/7 MP: 4/4
   286 | D:1      | Reached XP level 2. HP: 11/11 MP: 3/6
   289 | D:1      | Learned a level 2 spell: Call Imp
  1342 | D:1      | Reached XP level 3. HP: 14/14 MP: 3/7
  1381 | D:1      | Learned a level 3 spell: Call Canine Familiar
  1482 | D:1      | Found a faded altar of an unknown god.
  1824 | D:2      | Reached XP level 4. HP: 18/18 MP: 1/9
  2570 | D:2      | Learned a level 3 spell: Summon Guardian Golem
  2917 | D:3      | Found a shimmering blue altar of Sif Muna.
  2935 | D:3      | Reached skill level 5 in Summonings
  2954 | D:3      | Reached skill level 1 in Hexes
  2954 | D:3      | Reached XP level 5. HP: 21/21 MP: 7/11
  3026 | D:3      | Found Siblomet's Jewellery Shoppe.
  3661 | D:3      | Found Beolotenn's Antique Weapon Boutique.
  3723 | D:3      | Gained mutation: You are covered in thick fur. (AC +2)
                  | [Felid growth]
  3723 | D:3      | Reached XP level 6. HP: 24/24 MP: 2/12
  3806 | D:3      | Found Vext's Book Shoppe.
  3840 | D:3      | Found Faoth's Weapon Shop.
  4727 | D:4      | Reached skill level 1 in Air Magic
  5448 | D:5      | Entered Level 5 of the Dungeon
  6061 | D:5      | Reached skill level 5 in Dodging
  6061 | D:5      | Reached XP level 7. HP: 27/27 MP: 10/14
  6745 | D:5      | Learned a level 4 spell: Summon Lightning Spire
  6908 | D:5      | Reached skill level 5 in Hexes
  6908 | D:5      | Reached skill level 6 in Summonings
  7157 | D:5      | Reached XP level 8. HP: 31/31 MP: 2/15
  7789 | D:5      | Found a staircase to the Ecumenical Temple.
  7992 | Temple   | Entered the Ecumenical Temple
  8018 | Temple   | Became a worshipper of Gozag Ym Sagoz the Greedy
  9339 | D:6      | Reached skill level 7 in Summonings
  9395 | D:6      | Reached skill level 5 in Spellcasting
 10083 | D:6      | Reached skill level 5 in Air Magic
 10549 | D:7      | Reached XP level 9. HP: 11/34 MP: 11/18
 10852 | D:7      | Reached skill level 8 in Summonings
 10958 | D:7      | Found Susaam's One-of-a-Kind Rings.
 11540 | D:8      | Noticed a two-headed ogre
 11572 | D:8      | Killed a two-headed ogre
 11573 | D:8      | Reached skill level 9 in Summonings
 12624 | D:8      | Found a runed translucent door.
 12920 | D:8      | Reached XP level 10. HP: 34/37 MP: 18/21
 13089 | D:8      | Noticed diceflayer's ghost (novice MiFi)
 13529 | D:9      | Reached skill level 10 in Summonings
 14053 | D:10     | Entered Level 10 of the Dungeon
 14846 | D:10     | Found a staircase to the Orcish Mines.
 14930 | D:10     | Reached skill level 11 in Summonings
 15649 | D:10     | Slain by a wyvern
 15650 | D:10     | Reached XP level 9. HP: -1/34 MP: 14/22
 15746 | D:10     | Found a staircase to the Lair.
 15788 | D:10     | Reached skill level 12 in Summonings
 15825 | D:10     | Reached XP level 10. HP: 37/37 MP: 3/23
 17206 | Lair:1   | Entered Level 1 of the Lair of Beasts
 17212 | Lair:1   | Noticed a black mamba
 17231 | Lair:1   | Killed a black mamba
 17267 | Lair:1   | Reached skill level 13 in Summonings
 17904 | Lair:1   | Reached XP level 11. HP: 40/40 MP: 21/25
 18447 | Lair:1   | Reached skill level 14 in Summonings
 19341 | Lair:2   | Reached skill level 15 in Summonings
 19722 | Lair:2   | Found a hole to the Spider Nest.
 20007 | D:7      | Bought the ring "Ennisesaxo" {Wiz rPois Dex+5} for 620 gold
                  | pieces
 20137 | D:3      | Bought a book of Scorching for 300 gold pieces
 20144 | D:3      | Learned a level 6 spell: Summon Cactus Giant
 20154 | D:3      | Learned a level 7 spell: Summon Hydra
 21015 | Lair:3   | Reached skill level 16 in Summonings
 21027 | Lair:3   | Gained mutation: Your thick and shaggy fur keeps you warm.
                  | (AC +3, rC+) [Felid growth]
 21027 | Lair:3   | Reached XP level 12. HP: 44/44 MP: 9/26
 21385 | Lair:3   | Found a frozen archway.
 21773 | Lair:3   | Noticed a seven-headed hydra
 21814 | Lair:3   | Killed a seven-headed hydra
 22344 | Lair:3   | Reached skill level 17 in Summonings
 23068 | D:3      | Bought the Collected Works on Congealing Summoning for 480
                  | gold pieces
 23410 | Lair:4   | Noticed a five-headed hydra
 23445 | Lair:4   | Killed a five-headed hydra
 23446 | Lair:4   | Reached skill level 1 in Unarmed Combat
 24133 | Lair:4   | Found a staircase to the Shoals.
 24597 | Lair:4   | Noticed a seven-headed hydra
 24608 | Lair:4   | Killed a seven-headed hydra
 25118 | Lair:5   | Noticed a six-headed hydra
 25128 | Lair:5   | Killed a six-headed hydra
 25129 | Lair:5   | Reached XP level 13. HP: 47/47 MP: 21/27
 25254 | Lair:5   | Learned a level 8 spell: Summon Horrible Things
 25599 | Lair:5   | Reached skill level 18 in Summonings
 25918 | Lair:5   | Found a staircase to the Slime Pits.
 25958 | Lair:5   | Identified the +6 ring mail of Hubris {rElec Int-3 Dex+5}
 26595 | Lair:6   | Entered Level 6 of the Lair of Beasts
 26706 | Lair:6   | Reached skill level 10 in Spellcasting
 27416 | Lair:6   | Reached skill level 19 in Summonings
 28112 | Lair:6   | Reached XP level 14. HP: 51/51 MP: 1/29
 29348 | Lair:6   | Found the +3 salamander hide armour {Flames rF++ rC--}
 31087 | Orc:1    | Entered Level 1 of the Orcish Mines
 31622 | Orc:1    | Learned a level 2 spell: Wereblood
 31623 | Orc:2    | Entered Level 2 of the Orcish Mines
 31675 | Orc:2    | Reached skill level 20 in Summonings
 31887 | Orc:2    | Found Jeck's General Store.
 32021 | Orc:2    | Found a staircase to the Elven Halls.
 32053 | Orc:2    | Noticed a stone giant
 32058 | Orc:2    | Killed a stone giant
 32127 | Orc:2    | Found Laema's Book Shop.
 32456 | Orc:2    | Found Urimez's Antique Armour Boutique.
 32497 | Orc:2    | Found Kaggos's Antique Weapon Shop.
 33330 | D:3      | Bought a book of the Dragon for 782 gold pieces
 34005 | D:12     | Found a transporter.
 34411 | D:12     | Found a transporter.
 34723 | D:12     | Noticed Sonja
 34726 | D:12     | Killed Sonja
 35218 | D:13     | Noticed Kirke
 35224 | D:13     | Killed Kirke
 35306 | D:13     | You fall into a shaft and drop 1 floor!
 35306 | D:14     | Found a burning altar of Makhleb.
 35404 | D:14     | Reached skill level 21 in Summonings
 36122 | D:13     | Reached XP level 15. HP: 54/54 MP: 26/32
 36377 | D:13     | Found a gate to the Vaults.
 36419 | D:12     | Identified a scroll of acquirement
 36419 | D:12     | Acquired 689 gold pieces
 36427 | D:12     | Gained mutation: You are frail. (-10% HP) [potion of
                  | mutation]
 36427 | D:12     | Gained mutation: You are somewhat resistant to further
                  | mutation. [potion of mutation]
 37323 | D:15     | Entered Level 15 of the Dungeon
 37348 | D:15     | Found a staircase to the Depths.
 39672 | D:15     | Learned a level 9 spell: Dragon's Call
 40048 | Spider:1 | Entered Level 1 of the Spider Nest
 40304 | Spider:1 | Reached skill level 22 in Summonings
 43079 | Spider:2 | Reached XP level 16. HP: 44/51 MP: 21/34
 44441 | Spider:2 | Reached skill level 23 in Summonings
 44766 | Spider:2 | Noticed Nikola
 45087 | Spider:2 | Killed Nikola
 45299 | Spider:3 | Identified Roxanne's Tome of Changing
 45299 | Spider:3 | Noticed Roxanne
 45337 | Spider:3 | Slain by a culicivora
 45338 | Spider:3 | Reached XP level 15. HP: -1/48 MP: 4/34
 47123 | Spider:4 | Entered Level 4 of the Spider Nest
 47294 | Spider:4 | Noticed an emperor scorpion
 47306 | Spider:4 | Killed an emperor scorpion
 47307 | Spider:4 | Reached skill level 1 in Transmutations
 47729 | Spider:4 | Noticed an emperor scorpion
 47742 | Spider:4 | Killed an emperor scorpion
 47760 | Spider:4 | HP: 2/42 [pharaoh ant (5)]
 47820 | Spider:4 | Reached skill level 24 in Summonings
 47820 | Spider:4 | Reached XP level 16. HP: 51/51 MP: 11/35
 47842 | Spider:4 | Blown up by an orb spider
 47843 | Spider:4 | Reached XP level 15. HP: -2/48 MP: 25/34
 47851 | Spider:4 | Noticed an emperor scorpion
 47858 | Spider:4 | Killed an emperor scorpion
 47875 | Spider:4 | Noticed an emperor scorpion
 47878 | Spider:4 | Killed an emperor scorpion
 47894 | Spider:4 | Noticed an emperor scorpion
 47901 | Spider:4 | Killed an emperor scorpion
 48084 | Spider:4 | Got a gossamer rune of Zot
 48449 | Spider:4 | Reached skill level 5 in Transmutations
 49195 | Spider:4 | Noticed an emperor scorpion
 49198 | Spider:4 | Found a runed translucent gate.
 49198 | Spider:4 | Found a runed translucent gate.
 49199 | Spider:4 | Found a runed translucent gate.
 49201 | Spider:4 | Noticed an emperor scorpion
 49205 | Spider:4 | Noticed Siverane's ghost (journeyman HOFi)
 49704 | Spider:4 | Reached skill level 15 in Spellcasting
 51076 | Shoals:1 | Entered Level 1 of the Shoals
 51369 | Shoals:1 | Noticed Donald
 51378 | Shoals:1 | Killed Donald
 51525 | Shoals:1 | Slain by a merfolk impaler

Illustrated notes

Levels and vault maps discovered:
D:1:      psy_arrival_dodecagon, layout_basic,
          shapermc_ecumenical_altar_mp_vishouse
D:2:      layout_loops_ring
D:3:      layout_rooms, mainiacjoe_overflow_alcove_4, serial_shops,
          nicolae_shop_bloodbath_and_beyond, shop, shop, nicolae_diamond_shop
D:4:      layout_loops_corners
D:5:      old_forge, layout_basic, temple_statues
D:6:      layout_loops_ring
D:7:      layout_cave_pods, nicolae_shop_unique_rings, serial_park_tiny_2
D:8:      layout_loops_corners, ebering_ghost_reflecting_pool,
          kennysheep_generic_room_4
D:9:      layout_basic, minmay_misc_feat_room, mrwooster_statue_mirror
D:10:     layout_loops_corners, minmay_lair_entry_grove, david_orc_1_choice,
          serial_ice, serial_ice_e, serial_ice_f, serial_ice_h, serial_ice_d
D:11:     layout_cave_pools
D:12:     gammafunk_cloud_chamber, layout_irregular_city, serial_rivers,
          chequers_serial_rivers_large_a, chequers_serial_rivers_small_3,
          chequers_serial_rivers_small_b, chequers_serial_rivers_micro_b,
          uniq_sonja
D:13:     minmay_weird_star, layout_loops_ring, david_vaults_2,
          kennysheep_decorative_pillar, uniq_kirke
D:14:     layout_cave_pools, bloody_makhleb, nzn_random_ring
D:15:     gammafunk_depths_entry_grave, layout_irregular_city
Temple:   regret_index_temple_sigil_plot
Lair:1:   layout_cave_pods, lemuel_fruit_tree, serial_bayou_shore_a
Lair:2:   layout_chaotic_city, spider_nest_entry_funnel_web
Lair:3:   layout_gridlike, portal_ice_cave_entry_ice_simulacra,
          chequers_serial_rivers_micro_c, chequers_serial_rivers_micro_e,
          serial_bayou_pond_e, minmay_stone_trees_medium
Lair:4:   layout_regular_city, shoals_dummy_entry, infiniplex_staircase_pool_2
Lair:5:   layout_loops_ring, dpeg_slime_entry_corner
Lair:6:   minmay_lair_end_frog_pond, layout_big_grid
Shoals:1: layout_shoals, uniq_donald
Spider:1: layout_spider_delve
Spider:2: layout_cave_pods, uniq_nikola
Spider:3: layout_spider_delve, nicolae_spider_rock_and_or_roll, uniq_roxanne
Spider:4: guppyfry_spider_rune, gammafunk_ghost_split,
          nicolae_spider_undead_wolf_pack
Orc:1:    layout_diamond_mine
Orc:2:    grunt_orc_gardens, layout_caves, grunt_orc_garden, grunt_orc_garden,
          grunt_orc_garden, grunt_orc_garden

Skill      XL: |  1  2  3  4  5  6  7  8  9 10 11 12 13 14 15 16 |
---------------+-------------------------------------------------+-----
Dodging        | 3 4 5 7 8 |  8.2
Spellcasting   | 3 4 5 6 9 10 12 15 14 | 15.1
Summonings     | 5 6 7 12 13 16 17 19 21 24 23 | 24.3
Hexes          | 1 3 4 5 |  5.0
Air Magic      | 1 3 5 6 |  6.5
Unarmed Combat | 3 4 |  4.3
Transmutations | 6 |  6.6
Stealth        | |  2.6

Action                   |  1- 3 |  4- 6 |  7- 9 | 10-12 | 13-15 | 16-18 || total
-------------------------+-------+-------+-------+-------+-------+-------++-------
Melee: Unarmed           |     1 |       |     3 |       |    10 |       ||    14
       Bite              |       |       |     1 |       |     3 |       ||     4
       Punch             |       |       |       |       |     1 |       ||     1
 Cast: Summon Small Mamm |    40 |    43 |    19 |     2 |       |       ||   104
       Call Imp          |     8 |    28 |    26 |     3 |       |       ||    65
       Call Canine Famil |     1 |    26 |    44 |    33 |    41 |     3 ||   148
       Summon Guardian G |       |       |    24 |    26 |    12 |     1 ||    63
       Summon Lightning  |       |       |    21 |    73 |   151 |    11 ||   256
       Summon Hydra      |       |       |       |    19 |    67 |     9 ||    95
       Summon Cactus Gia |       |       |       |    29 |   168 |    10 ||   207
       Summon Horrible T |       |       |       |       |    43 |     4 ||    47
       Wereblood         |       |       |       |       |     1 |       ||     1
       Dragon's Call     |       |       |       |       |     3 |       ||     3
Invok: Call Merchant     |       |       |       |       |     1 |       ||     1
       Potion Petition   |       |       |       |       |     5 |       ||     5
Evoke: Wand              |       |       |       |       |    14 |       ||    14
       Phantom mirror    |       |       |       |       |     1 |     1 ||     2
  Use: Scroll            |       |       |     8 |     6 |    15 |     2 ||    31
       Potion            |       |       |     1 |     2 |    22 |     1 ||    26
Armor: Skin              |       |     3 |     4 |     3 |     3 |       ||    13
Dodge: Dodged            |    14 |    37 |    83 |    91 |   259 |     9 ||   493
